 Dungeon Crawl Stone Soup version 0.31.0-11-ge490571c62 (webtiles) character file.

Game seed: 7215589344243362725

9 browni3141 the Conjurer (level 2, 17/19 HPs)
             Began as a Demonspawn Conjurer on Jan 30, 2024.
             Got out of the dungeon alive.
             The game lasted 00:00:39 (380 turns).

browni3141 the Conjurer (Demonspawn Conjurer)        Turns: 380, Time: 00:00:40

Health: 17/19      AC:  2    Str:  7    XL:     2   Next: 3%
Magic:  4/5        EV: 12    Int: 18    God:
Gold:   0          SH:  4    Dex: 11    Spells: 4/5 levels left

rFire   . . .        e - +0 club
rCold   . . .        (no shield)
rNeg    . . .        a - +0 robe
rPois   .            (no helmet)
rElec   .            (no cloak)
rCorr   .            (no gloves)
SInv    .            (no boots)
Will    .....        (no amulet)
Stlth   ++           (no ring)
HPRegen 0.23/turn    (no ring)
MPRegen 0.09/turn

%: no passive effects
@: no status effects
A: condensation shield
a: no special abilities


You escaped.
You visited 1 branch of the dungeon, and saw 1 of its levels.

Inventory:

Hand Weapons
 e - a +0 club (weapon)
Armour
 a - a +0 robe (worn)
Jewellery
 d - a ring of fire
Scrolls
 c - a scroll of fear {unknown}
Potions
 b - a potion of magic


   Skills:
 + Level 2.0 Dodging
 + Level 2.0 Stealth
 + Level 2.1 Spellcasting
 + Level 4.1 Conjurations


You had 4 spell levels left.
You knew the following spells:

 Your Spells              Type           Power      Damage    Failure   Level
a - Magic Dart            Conj           64%        1d6       3%          1

Your spell library contained the following spells:

 Spells                   Type           Power      Damage    Failure   Level
 Searing Ray              Conj           32%        2d5       4%          2
 Fulminant Prism          Conj/Alch      4%         3d5       58%         4
 Iskenderun's Mystic Bla  Conj/Tloc      9%         2d4       58%         4


Dungeon Overview and Level Annotations

Branches:
Dungeon (1/15)

Altars:


Innate Abilities, Weirdness & Mutations

A meltable shield of frost defends you. (SH +4)


Message History

The ball python is heavily wounded.
The ball python hisses angrily.
The magic dart hits the ball python.
You kill the ball python!
You can't see any susceptible monsters within range! (Use Z to cast anyway.)
A giant cockroach comes into view.
A giant cockroach is nearby!
A giant cockroach is nearby!
A giant cockroach is nearby!
The magic dart hits the giant cockroach.
The giant cockroach is severely wounded.
You are out of magic!
You are out of magic!
A goblin comes into view. It is wielding a +0 club.
You are out of magic!
You are out of magic!
You see here a giant cockroach corpse.
The magic dart hits the giant cockroach.
You kill the giant cockroach!
The goblin misses you. The goblin hits you with a +0 club.
The goblin hits you with a +0 club. The goblin hits you with a +0 club.
Aiming: Magic Dart (safe; 3% risk of failure)
Press: ? - help, Q - select action Shift-Dir - straight line, f - goblin
Aim: a goblin, wielding a +0 club (100% to hit)
The magic dart hits the goblin.
The goblin is almost dead.
The goblin hits you with a +0 club.
You hit the goblin but do no damage.
The goblin is almost dead.
The goblin hits you with a +0 club.
You hit the goblin.
You kill the goblin!
Your Dodging skill increases to level 2!
Your Stealth skill increases to level 2!
A quokka comes into view.
A quokka is nearby!
The magic dart hits the quokka.
The quokka is severely wounded.
The quokka closely misses you.
The magic dart hits the quokka but does no damage.
The quokka is severely wounded.
The quokka closely misses you.
The magic dart hits the quokka.
The quokka is almost dead.
The quokka bites you.
You are out of magic!
You closely miss the quokka.
The quokka is almost dead.
The quokka misses you.
You hit the quokka but do no damage.
The quokka is almost dead.
The quokka misses you.
You barely miss the quokka.
The quokka is almost dead.
The quokka barely misses you. The quokka bites you.
You hit the quokka but do no damage.
The quokka is almost dead.
The quokka bites you.
You miss the quokka.
The quokka is almost dead.
The quokka bites you but does no damage.
You completely miss the quokka.
The quokka is severely wounded.
The quokka barely misses you.
The quokka bites you but does no damage.
The quokka attacks as it pursues you! The quokka closely misses you.
Aiming: Magic Dart (safe; 3% risk of failure)
Press: ? - help, Q - select action Shift-Dir - straight line, f/p - quokka
Aim: a quokka (severely wounded, 100% to hit)
The magic dart hits the quokka but does no damage.
The quokka is severely wounded.
The quokka closely misses you. The quokka attacks as it pursues you!
The quokka misses you. The quokka bites you.
The quokka attacks as it pursues you! The quokka barely misses you.
You see here a +0 club.
e - a +0 club (weapon)
The quokka misses you.
You miss the quokka.
The quokka is heavily wounded.
The quokka closely misses you.
You hit the quokka but do no damage.
The quokka is heavily wounded.
The quokka closely misses you. The quokka bites you.
The quokka attacks as it pursues you!
The quokka bites you but does no damage.
Aiming: Magic Dart (safe; 3% risk of failure)
Press: ? - help, Q - select action Shift-Dir - straight line, f/p - quokka
Aim: a quokka (moderately wounded, 100% to hit)
The magic dart hits the quokka.
You kill the quokka!
You have reached level 2!
Your demonic ancestry asserts itself...
Frost condenses into a shield before you.
You see here a hobgoblin skeleton.
There is a fountain of clear blue water here.
There is a staircase leading out of the dungeon here.
You have escaped!

###########
#.........#
#...⌠.⌠...#
#.........#
#.8.....8.#
#.........#
#....@....#
#.........#
#.8.....8.#
#...⌠.⌠...#
#.........#
#..#####..#
#..#≈S≈#..#
#..#≈≈≈#..#
#..#≈≈≈#..#


You could see an electric eel.

Vanquished Creatures
  A ball python (D:1)
  2 giant cockroaches (D:1)
  A goblin (D:1)
  A hobgoblin (D:1)
  A quokka (D:1)
  A frilled lizard (D:1)
7 creatures vanquished.

Notes
Turn   | Place    | Note
-------+----------+-------------------------------------------
     0 | D:1      | browni3141 the Demonspawn Conjurer began the quest for the
                  | Orb.
     0 | D:1      | Reached XP level 1. HP: 13/13 MP: 3/3
     1 | D:1      | Noticed an electric eel
   326 | D:1      | Gained mutation: A meltable shield of frost defends you.
                  | (SH +4) [demonic ancestry]
   326 | D:1      | Reached XP level 2. HP: 5/19 MP: 0/5
   380 | D:$      | Got out of the dungeon alive.

Illustrated notes

Levels and vault maps discovered:
D:1:      arrival_aquarium_a, layout_loops_cross, chequers_mini_garden,
          minmay_shallow_snake_nest

Skill      XL: |  1 |
---------------+----+-----
Dodging        | 2 |  2.0
Stealth        | 2 |  2.0
Spellcasting   | |  2.1
Conjurations   | |  4.1

Action                     || total
---------------------------++-------
  Melee: Unarmed           ||    19
         Club              ||     2
   Cast: Magic Dart        ||    15
 Armour: Robe              ||    19
  Dodge: Dodged            ||    21
